 Dungeon Crawl Stone Soup version 0.30-a0-862-g1aabd4f9c5 (webtiles) character file.

Game seed: 13633218091573340577

100 Dittersdorf the Shield-Bearer (level 4, 0/29 HPs)
             Began as a Gargoyle Fighter on Mar 9, 2023.
             Killed from afar by an orc wizard (4 damage)
             ... with a puff of flame
             ... on level 3 of the Dungeon.
             The game lasted 00:02:04 (1538 turns).

Dittersdorf the Shield-Bearer (Gargoyle Fighter)    Turns: 1538, Time: 00:02:05

Health: 0/29       AC: 10    Str: 22    XL:     4   Next: 73%
Magic:  4/4        EV:  9    Int:  8    God:
Gold:   132        SH:  4    Dex:  9    Spells: 3/3 levels left

rFire   . . .      SeeInvis .    a - +0 flail
rCold   . . .      Faith    .    c - +0 buckler
rNeg    + . .      Spirit   .    b - +0 scale mail
rPois   ∞          Reflect  .    (no helmet)
rElec   +          Rampage  .    (no cloak)
rCorr   .                        (no gloves)
Will    .....                    (no boots) Stlth
                                 (no amulet)
HPRegen 0.24/turn                (no ring)
MPRegen 0.09/turn                (no ring)

@: no status effects
A: sickness immunity, AC +3, negative energy resistance 1, electricity
resistance, torment resistance 1, petrification resistance
a: no special abilities


You were on level 3 of the Dungeon.
You visited 1 branch of the dungeon, and saw 3 of its levels.

You collected 132 gold pieces.

Inventory:

Hand Weapons
 a - a +0 flail (weapon)
Armour
 b - a +0 scale mail (worn)
 c - a +0 buckler (worn)
Jewellery
 p - a ring of fire
Scrolls
 g - a scroll of brand weapon {unknown}
 j - a scroll of amnesia {unknown}
 l - 3 scrolls of identify {unknown}
 n - a scroll of immolation {unknown}
 q - a scroll of teleportation {unknown}
Potions
 d - a potion of might
 e - a potion of attraction {unknown}
 f - 4 potions of heal wounds {unknown}
 h - 2 potions of flight {unknown}
 i - a potion of invisibility {unknown}
 k - a potion of curing {unknown}
 m - a potion of mutation {unknown}
 o - a potion of lignification {unknown}


   Skills:
 + Level 4.0 Fighting
 + Level 2.9 Maces & Flails
 + Level 4.0 Armour
 + Level 4.1 Shields


You had 3 spell levels left.
You didn't know any spells.
Your spell library contained the following spells:

 Spells                   Type           Power      Damage    Failure   Level
 Summon Lightning Spire   Summ/Air       0%         N/A       100%        4
 Storm Form               Tmut/Air       0%         N/A       100%        7
 Maxwell's Capacitive Co  Air            0%         ∞         100%        8


Dungeon Overview and Level Annotations

Branches:
Dungeon (3/15)

Altars:


Innate Abilities, Weirdness & Mutations

You are immune to sickness and miasma.
Your stone body is resilient. (AC +3)
You are immune to poison.
You resist negative energy. (rN+)
You are resistant to electric shocks. (rElec)
You are resistant to unholy torment.
You are immune to petrification.


Message History

The orc wizard flickers and vanishes!
Deactivating autopickup; reactivate with Ctrl-A.
You barely miss something. Something hits you but does no damage.
You closely miss something. Something completely misses you.
Something hits you but does no damage.
You barely miss something.
You hear some strange, mumbled words.
You are confused.
You miss something.
You hear some strange, mumbled words.
A puff of flame appears from out of thin air!
The puff of flame misses you.
You closely miss something. Something hits you but does no damage.
You bump into the rock wall.
You hear some strange, mumbled words.
A magic dart appears from out of thin air!
The magic dart hits you but does no damage.
You closely miss something. Something hits you but does no damage.
You bump into the rock wall.
You feel less confused. Something hits you but does no damage.
You barely miss something. Something hits you but does no damage.
You block something's attack.
You miss something. Something hits you but does no damage.
You closely miss something. Something hits you but does no damage.
You closely miss something. Something hits you but does no damage.
You hear some strange, mumbled words.
Something tries to affect you, but you resist.
You barely miss something.
You hear some strange, mumbled words.
A magic dart appears from out of thin air!
The magic dart hits you.
* * * LOW HITPOINT WARNING * * *
You closely miss something. Something hits you.
* * * LOW HITPOINT WARNING * * *
You hit something but do no damage. Something hits you but does no damage.
You hear some strange, mumbled words.
A puff of flame appears from out of thin air!
The puff of flame hits you.
You die...

...........#....... #.#
..#......#.......## ######.#
....#.......####..###......#
........###..####...†.....##
........# ##..............#
....#...#############.<...#
...##......## #....##
....#.#.....#########....##
......#...#...o{@.........#
.###..#.J.########...[....#
..o..o.......# #........#
..............# ##########
..........##.^.#
...........#...#
...........# ###
.>..>....#.# ############


You could see an orc.

Vanquished Creatures
  An orc wizard (D:3)
  3 adders (D:2)
  An ufetubus (D:3)
  A dart slug (D:2)
  An orc (D:3)
  4 ball pythons
  6 endoplasms
  2 giant cockroaches
  3 goblins
  8 hobgoblins
  4 jackals (D:1)
  A kobold (D:1)
  A quokka (D:1)
  5 bats
  A frilled lizard (D:2)
  5 rats
47 creatures vanquished.

Notes
Turn   | Place    | Note
-------+----------+-------------------------------------------
     0 | D:1      | Dittersdorf the Gargoyle Fighter began the quest for the
                  | Orb.
     0 | D:1      | Reached XP level 1. HP: 14/14 MP: 1/1
    49 | D:1      | You fall into a shaft and drop 1 floor!
    70 | D:2      | Reached XP level 2. HP: 19/19 MP: 2/2
   115 | D:2      | Reached XP level 3. HP: 23/23 MP: 3/3
   766 | D:1      | Found a faded altar of an unknown god.
   856 | D:2      | Reached XP level 4. HP: 21/29 MP: 4/4
  1538 | D:3      | Killed from afar by an orc wizard

Illustrated notes

Levels and vault maps discovered:
D:1:      reono_arrival_forest_river, layout_basic,
          shapermc_ecumenical_altar_hornbeckon
D:2:      layout_basic
D:3:      layout_rooms, gammafunk_ghost_cemetery

Skill      XL: |  1  2  3  4 |
---------------+-------------+-----
Shields        | 4 |  4.1
Fighting       | 4 |  4.0
Armour         | 4 |  4.0
Maces & Flails | |  2.9

Action                     |  1- 3 |  4- 6 || total
---------------------------+-------+-------++-------
  Melee: Flail             |   105 |    82 ||   187
 Armour: Scale mail        |    65 |    45 ||   110
  Dodge: Dodged            |    52 |    35 ||    87
  Block: Buckler           |    28 |    19 ||    47

Table legend: (Time is in decaauts)
 A = Elapsed time spent in this place.
 B = Non-inter-level travel time spent in this place.
 C = Inter-level travel time spent in this place.
 D = Time resting spent in this place.
 E = Time spent auto-exploring this place.
 F = Levels seen in this place.
 G = Mean time per level.
                   A        B        C        D        E       F      G
               +--------+--------+--------+--------+--------+-----+--------+
         Total |   1619 |   1533 |     86 |      0 |   1092 |   3 |  539.7 |
       Dungeon |   1619 |   1533 |     86 |      0 |   1092 |   3 |  539.7 |
               +--------+--------+--------+--------+--------+-----+--------+

Top non-repeatable levels by time:
     D:1: 755 daAuts
     D:2: 571 daAuts
     D:3: 292 daAuts
